 Dungeon Sprint DCSS version 0.26-a0-1191-ge2a0e31ab3 (webtiles) character file.

Game seed: 3112050327490721848

5119 biomisha the Ninja (level 10, -4/34 HPs)
             Began as a Spriggan Enchanter on Dec 28, 2020.
             Was a High Priest of Okawaru.
             Slain by a sixfirhy (11 damage)
             ... summoned by a kobold demonologist
             ... while paralysed by a floating eye
             ... in the Dungeon (Sprint I: "Red Sonja").
             The game lasted 00:09:32 (502 turns).

biomisha the Ninja (Spriggan Enchanter)              Turns: 502, Time: 00:09:33

Health: -4/34      AC:  3    Str:  0    XL:     10   Next: 32%
Magic:  13/17      EV:  4    Int: 12    God:    Okawaru [*****.]
Gold:   488        SH:  0    Dex: 17    Spells: 23/29 levels left

rFire    . . .     SeeInvis +   j - +1 dagger (venom)
rCold    . . .     Faith    .   (shield restricted)
rNeg     . . .     Spirit   .   b - +0 robe
rPois    .         Reflect  .   n - +2 hat
rElec    .         Harm     .   (no cloak)
rCorr    .         Rampage  .   (gloves unavailable)
Will     +....     Rnd*Rage +   (boots unavailable) Stlth ++++++++++NoTele +
                                (no amulet)
HPRegen  0.02/turn              (no ring)
MPRegen  0.15/turn              (no ring)

@: paralysed, slowed, lost strength, very quick
A: very small, unfitting armour, see invisible, berserk 2, clumsy 2, deformed
body, deterioration 1, dopey 2, speed 3, frail 3, low mp 3, screaming 3, weak 2,
no potion heal 2, subdued magic 3
a: Renounce Religion, Heroism, Finesse


You were in the Dungeon.
You worshipped Okawaru.
Okawaru was extremely pleased with you.
You visited 1 branch You collected 621 gold pieces.
You spent 133 gold pieces at shops.

Inventory:

Hand Weapons
 a - a +1 dagger
 j - a +1 dagger of venom (weapon)
Armour
 b - a +0 robe (worn)
 n - a +2 hat (worn)
Jewellery
 k - a cursed ring of attention {unknown}
Scrolls
 i - a scroll of blinking
 l - a scroll of identify {unknown}
Potions
 c - a potion of degeneration {unknown}
 d - a potion of curing
 e - a potion of heal wounds
 f - a potion of haste
 g - a potion of magic
 h - a potion of attraction {unknown}
 m - a potion of might {unknown}


   Skills:
 + Level 3.4 Fighting
 + Level 8.8 Short Blades
 - Level 3.0 Dodging
 O Level 27 Stealth
 + Level 10.0 Spellcasting
 - Level 8.8 Hexes


You had 23 spell levels left.
You knew the following spells:

 Your Spells              Type           Power        Failure   Level
a - Corona                Hex            15%          1%          1
b - Ensorcelled Hibernat  Hex/Ice        16%          1%          2
c - Confusing Touch       Hex            14%          1%          3

Your spell library contained the following spells:

 Spells                   Type           Power        Failure   Level
 Tukima's Dance           Hex            14%          1%          3
 Dazzling Flash           Conj/Hex       16%          2%          3


Dungeon Overview and Level Annotations

Branches:
Dungeon (1/1)

Altars:
Cheibriados
Dithmenos
Elyvilon
Fedhas
Gozag
Hepliaklqana
Kikubaaqudgha
Makhleb
Nemelex Xobeh
Okawaru
Qazlal
Ru
Sif Muna
Trog
Uskayaw
Vehumet
Wu Jian
Xom
Yredelemnul
Zin
The Shining One
Jiyva
Lugonu

Shops:
D ***[[=[


Innate Abilities, Weirdness & Mutations

You are very small and have problems with some larger weapons.
You are too small for most types of armour.
You have supernaturally acute eyesight. (SInv)
You cover ground extremely quickly.
You often lose your temper in combat.
You are very clumsy. (Dex -4)
Armour fits poorly on your strangely shaped body.
Your body sometimes deteriorates upon taking damage.
You are very dopey. (Int -4)
You are extremely frail. (-30% HP)
Your magical capacity is extremely low. (-30% MP)
You frequently scream uncontrollably at your foes.
You are very weak. (Str -4)
Potions are poor at restoring your health.
Your spells are much easier to cast, but much less powerful.


Message History

Press: ? - help, Shift-Dir - straight line, f - floating eye
Aim: a floating eye (fully charged, chance to affect: 49%)
The floating eye resists with some effort.
Casting: Ensorcelled Hibernation (safe; 1% risk of failure)
Confirm with . or Enter, or press ? or * to list all spells.
Aiming: Ensorcelled Hibernation (safe; 1% risk of failure)
Press: ? - help, Shift-Dir - straight line, f/p - floating eye
Aim: a floating eye (fully charged, chance to affect: 49%)
The floating eye resists with some effort.
The sixfirhy misses you.
The sixfirhy hits you but does no damage.
The floating eye gazes piercingly through you!
You suddenly lose the ability to move!
The sixfirhy hits you! The sixfirhy shocks you!
The floating eye seems to glare at you.
The kobold demonologist casts a spell.
The sixfirhy barely misses you. x2; The sixfirhy hits you.
* * * LOW HITPOINT WARNING * * *
The sixfirhy shocks you!
You die...

#####################
.'..#.)'..#__#..@GK.#
.#.)'..#..'..'..#355#
###'#####'#__####K..+
##..#...#.#### ####
_####..##.#≈§§§
____##'#_.+≈§§§
.∩..÷'..._#≈§§§c
..__##_.#'##+###
____###'#)#..(.###


You could see 2 kobold demonologists, a sixfirhy (summoned), a floating eye
(charged), a quasit (summoned) and a white imp (summoned).

Vanquished Creatures
  Sonja (D)
  A deep troll (D)
  8 shining eyes (D)
  A slime creature (D)
  Sigmund (D)
  A yak (D)
  4 floating eyes (D)
  An ogre (D)
  A jelly (D)
  Ijyb (D)
20 creatures vanquished.

Notes
Turn   | Place    | Note
-------+----------+-------------------------------------------
     0 | D        | biomisha the Spriggan Enchanter began the quest for the
                  | Orb.
     0 | D        | Reached XP level 1. HP: 9/9 MP: 5/5
     1 | D        | Noticed Ijyb
    11 | D        | Killed Ijyb
    12 | D        | Reached skill level 10 in Stealth
    12 | D        | Reached XP level 2. HP: 12/13 MP: 6/6
    41 | D        | Learned a level 2 spell: Ensorcelled Hibernation
    44 | D        | Noticed an ogre
    47 | D        | Killed an ogre
    48 | D        | Reached skill level 14 in Stealth
    48 | D        | Reached XP level 3. HP: 12/16 MP: 8/8
    48 | D        | Reached XP level 4. HP: 16/21 MP: 9/9
    56 | D        | Noticed Sigmund
    59 | D        | Killed Sigmund
    60 | D        | Reached skill level 17 in Stealth
    60 | D        | Reached XP level 5. HP: 19/24 MP: 10/10
    64 | D        | Learned a level 3 spell: Confusing Touch
    76 | D        | Found an ornate altar of the Wu Jian Council.
    76 | D        | Found a shimmering blue altar of Sif Muna.
    78 | D        | Found a radiant altar of Vehumet.
    84 | D        | Reached skill level 18 in Stealth
    84 | D        | Reached XP level 6. HP: 24/28 MP: 6/11
   110 | D        | Found Nolotty's Antique Armour Emporium.
   110 | D        | Found an ancient bone altar of Kikubaaqudgha.
   110 | D        | Found a hazy altar of Hepliaklqana.
   110 | D        | Found a stormy altar of Qazlal.
   110 | D        | Found a hide-covered altar of Uskayaw.
   110 | D        | Found a blossoming altar of Fedhas.
   110 | D        | Found a bloodstained altar of Trog.
   110 | D        | Found an iron altar of Okawaru.
   110 | D        | Found a basalt altar of Yredelemnul.
   110 | D        | Found a glowing golden altar of the Shining One.
   110 | D        | Found a snail-covered altar of Cheibriados.
   110 | D        | Found a sacrificial altar of Ru.
   110 | D        | Found a glowing silver altar of Zin.
   110 | D        | Found a shadowy altar of Dithmenos.
   110 | D        | Found a white marble altar of Elyvilon.
   110 | D        | Noticed a yak
   111 | D        | Found an opulent altar of Gozag.
   112 | D        | Killed a yak
   113 | D        | Reached skill level 5 in Hexes
   113 | D        | Found a sparkling altar of Nemelex Xobeh.
   124 | D        | Noticed a centaur warrior
   135 | D        | Noticed Sonja
   139 | D        | Killed Sonja
   140 | D        | Reached skill level 20 in Stealth
   140 | D        | Reached XP level 7. HP: 32/32 MP: 11/18
   184 | D        | Became a worshipper of Warmaster Okawaru
   203 | D        | Noticed a deep troll
   207 | D        | Killed a deep troll
   207 | D        | Reached * piety under Okawaru
   208 | D        | Reached skill level 21 in Stealth
   208 | D        | Reached XP level 8. HP: 36/36 MP: 19/21
   237 | D        | Found Inliapn's Armour Emporium.
   257 | D        | Found Duurasej's Assorted Antiques.
   269 | D        | Noticed a shining eye
   269 | D        | Noticed a shining eye
   269 | D        | Noticed a shining eye
   269 | D        | Noticed a shining eye
   269 | D        | Noticed a shining eye
   269 | D        | Noticed a shining eye
   274 | D        | Noticed a shining eye
   274 | D        | Noticed a shining eye
   276 | D        | Paralysed by a floating eye for 2 turns
   279 | D        | Killed a shining eye
   279 | D        | Reached ** piety under Okawaru
   280 | D        | Reached skill level 23 in Stealth
   280 | D        | Reached XP level 9. HP: 39/39 MP: 22/22
   282 | D        | Killed a shining eye
   283 | D        | Reached skill level 24 in Stealth
   285 | D        | Reached *** piety under Okawaru
   285 | D        | Gained mutation: You are dopey. (Int -2) [a shining eye]
   286 | D        | Gained mutation: Potions are less effective at restoring
                  | your health. [a shining eye]
   289 | D        | Paralysed by a floating eye for 4 turns
   293 | D        | Gained mutation: You are clumsy. (Dex -2) [a shining eye]
   294 | D        | Gained mutation: Your magical capacity is low. (-10% MP) [a
                  | shining eye]
   294 | D        | Gained mutation: Your body sometimes deteriorates upon
                  | taking damage. [a shining eye]
   295 | D        | Gained mutation: Your spells are a little easier to cast,
                  | but a little less powerful. [a shining eye]
   296 | D        | Paralysed by a floating eye for 4 turns
   298 | D        | Gained mutation: Your body often deteriorates upon taking
                  | damage. [a shining eye]
   299 | D        | Gained mutation: Armour fits poorly on your strangely
                  | shaped body. [a shining eye]
   301 | D        | Gained mutation: Potions are poor at restoring your health.
                  | [a shining eye]
   304 | D        | Paralysed by a floating eye for 3 turns
   305 | D        | Gained mutation: You are very clumsy. (Dex -4) [a shining
                  | eye]
   306 | D        | Gained mutation: You are very dopey. (Int -4) [a shining
                  | eye]
   306 | D        | Lost mutation: You are very dopey. (Int -4) [a shining eye]
   307 | D        | Gained mutation: You are weak. (Str -2) [a shining eye]
   310 | D        | Gained mutation: Your spells are easier to cast, but less
                  | powerful. [a shining eye]
   312 | D        | Gained mutation: You are frail. (-10% HP) [a shining eye]
   316 | D        | Paralysed by a floating eye for 3 turns
   317 | D        | Gained mutation: Your magical capacity is very low. (-20%
                  | MP) [a shining eye]
   317 | D        | Gained mutation: You are very dopey. (Int -4) [a shining
                  | eye]
   324 | D        | Gained mutation: You are very frail. (-20% HP) [a shining
                  | eye]
   326 | D        | Paralysed by a floating eye for 2 turns
   327 | D        | Gained mutation: You tend to lose your temper in combat. [a
                  | shining eye]
   334 | D        | Paralysed by a floating eye for 3 turns
   336 | D        | Lost strength.
   336 | D        | Gained mutation: You are very weak. (Str -4) [a shining
                  | eye]
   341 | D        | Gained mutation: You occasionally shout uncontrollably at
                  | your foes. [a shining eye]
   342 | D        | Gained mutation: You sometimes yell uncontrollably at your
                  | foes. [a shining eye]
   345 | D        | Killed a shining eye
   346 | D        | Reached skill level 25 in Stealth
   346 | D        | Gained mutation: You are extremely frail. (-30% HP) [a
                  | shining eye]
   348 | D        | Gained mutation: Your magical capacity is extremely low.
                  | (-30% MP) [a shining eye]
   349 | D        | Gained mutation: You frequently scream uncontrollably at
                  | your foes. [a shining eye]
   356 | D        | Paralysed by a floating eye for 2 turns
   360 | D        | Paralysed by a floating eye for 2 turns
   364 | D        | Gained mutation: Your spells are much easier to cast, but
                  | much less powerful. [a shining eye]
   366 | D        | Gained mutation: You often lose your temper in combat. [a
                  | shining eye]
   376 | D        | Killed a shining eye
   376 | D        | Killed a shining eye
   376 | D        | Reached **** piety under Okawaru
   377 | D        | Reached skill level 26 in Stealth
   380 | D        | Lost mutation: Your body often deteriorates upon taking
                  | damage. [a shining eye]
   388 | D        | Killed a shining eye
   389 | D        | Reached skill level 27 in Stealth
   389 | D        | Reached skill level 1 in Fighting
   389 | D        | Reached XP level 10. HP: 31/31 MP: 16/16
   389 | D        | Killed a shining eye
   391 | D        | Killed a shining eye
   391 | D        | Reached ***** piety under Okawaru
   439 | D        | Found Misin's Antique Armour Shop.
   439 | D        | Found Catine's General Store.
   439 | D        | Found Gidoz's Jewellery Boutique.
   439 | D        | Found Ovola's Assorted Antiques.
   445 | D        | Bought a glowing hat for 133 gold pieces
   482 | D        | Found a burning altar of Makhleb.
   482 | D        | Found a viscous altar of Jiyva.
   482 | D        | Found a shimmering altar of Xom.
   482 | D        | Found a corrupted altar of Lugonu.
   486 | D        | Reached skill level 10 in Spellcasting
   500 | D        | Noticed a sixfirhy
   501 | D        | Paralysed by a floating eye for 3 turns
   502 | D        | Slain by a sixfirhy

Illustrated notes

Levels and vault maps discovered:
D:        dungeon_sprint_1 [red_sonja_temple_1, red_sonja_temple_small_1]

Skill      XL: |  1  2  3  4  5  6  7  8  9 10 |
---------------+-------------------------------+-----
Stealth        | 10 14 17 18 20 21 23 27 | 27.0
Spellcasting   | 3 7 8 10 | 10.0
Hexes          | 4 7 8 |  8.8
Short Blades   | 6 7 8 |  8.8
Fighting       | 1 3 |  3.4
Dodging        | |  3.0

Action                   |  1- 3 |  4- 6 |  7- 9 | 10-12 || total
-------------------------+-------+-------+-------+-------++-------
Melee: Dagger            |    10 |     4 |    67 |     4 ||    85
 Cast: Ensorcelled Hiber |       |     2 |    11 |     2 ||    15
       Confusing Touch   |       |       |     1 |       ||     1
  Use: Potion            |     1 |       |     1 |     1 ||     3
 Stab: Sleeping          |     1 |     4 |     7 |     1 ||    13
Armor: Robe              |       |       |       |     1 ||     1
Dodge: Dodged            |     2 |     1 |       |     3 ||     6

Table legend: (Time is in decaauts)
 A = Elapsed time spent in this place.
 B = Non-inter-level travel time spent in this place.
 C = Inter-level travel time spent in this place.
 D = Time resting spent in this place.
 E = Time spent auto-exploring this place.
 F = Levels seen in this place.
 G = Mean time per level.
                   A        B        C        D        E       F      G
               +--------+--------+--------+--------+--------+-----+--------+
         Total |    431 |    431 |      0 |     74 |      0 |   1 |  431.0 |
       Dungeon |    431 |    431 |      0 |     74 |      0 |   1 |  431.0 |
               +--------+--------+--------+--------+--------+-----+--------+

Top non-repeatable levels by time:
       D: 431 daAuts
